Map: Invader LE

Players

FeaR

  • Race: Protoss Protoss
  • League: Grandmaster

LiquidTLO (TLO) - Winner!

  • Race: Zerg Zerg
  • League: Grandmaster

VOD

Have the link to the VOD?

Description

Time

  • Played on: July 1, 2016, 5:19 p.m.
  • Length: 15:10
Show
View Real Time Build Order
Export as new Build Order

FeaR Protoss 

Build Orders: 1 Gate Expand 

Get SALT Encoding   

  12  0:01  Probe (Chrono Boost)  
  13  0:12  Probe (Chrono Boost)  
  14  0:19  Pylon  
  14  0:22  Probe (Chrono Boost)  
  15  0:37  Probe (Chrono Boost)  
  15  0:39  Gateway  
  16  0:47  Probe (Chrono Boost)  
  17  0:52  Assimilator  
  17  0:58  Probe (Chrono Boost)  
  18  1:08  Probe (Chrono Boost)  
  19  1:23  Nexus  
  19  1:26  Probe (Chrono Boost)  
  20  1:35  Cybernetics Core  
  21  1:40  Probe (Chrono Boost)  
  21  1:43  Assimilator  
  21  1:50  Probe (Chrono Boost)  
  21  1:54  Pylon  
  22  2:01  Probe (Chrono Boost)  
  23  2:12  Probe (Chrono Boost)  
  23  2:15  Adept (Chrono Boost), Warp Gate  
  26  2:23  Probe  
  26  2:24  Twilight Council  
  27  2:34  Probe  
  27  2:35  Probe  
  29  2:39  Adept (Chrono Boost)  
  31  2:44  Probe  
  31  2:48  Resonating Glaives (Chrono Boost), Probe  
  33  2:55  Probe  
  34  3:00  Probe  
  34  3:02  Adept (Chrono Boost)  
  37  3:07  Gateway  
  37  3:08  Probe  
  37  3:12  Probe  
  39  3:16  Gateway  
  39  3:20  Probe  
  39  3:24  Probe  
  39  3:26  Adept (Chrono Boost)  
  43  3:30  Pylon  
  43  3:33  Probe  
  44  3:41  Probe  
  44  3:45  Probe  
  46  3:55  Mothership Core (Chrono Boost)  
  48  3:57  Probe (Chrono Boost)  
  49  4:05  Nexus  
  49  4:07  Pylon  
  49  4:09  Pylon  
  48  4:17  Adept x3  
  54  4:26  Probe (Chrono Boost)  
  54  4:27  Probe (Chrono Boost)  
  54  4:30  Forge  
  56  4:32  Gateway  
  56  4:36  Probe (Chrono Boost)  
  56  4:38  Robotics Facility, Probe (Chrono Boost)  
  58  4:41  Sentry x2  
  58  4:42  Sentry  
  64  4:47  Probe (Chrono Boost)  
  64  4:48  Probe (Chrono Boost)  
  64  4:49  Pylon  
  66  4:56  Assimilator  
  66  4:57  Probe (Chrono Boost)  
  66  4:58  Assimilator  
  67  5:00  Probe (Chrono Boost)  
  68  5:08  Probe (Chrono Boost)  
  68  5:09  Probe (Chrono Boost)  
  68  5:10  Protoss Ground Weapons Level 1 (Chrono Boost), Photon Cannon  
  70  5:18  Probe  
  70  5:19  Probe x2  
  63  5:26  Immortal (Chrono Boost)  
  63  5:29  Probe  
  63  5:30  Probe  
  63  5:31  Probe  
  66  5:38  Blink (Chrono Boost)  
  66  5:39  Probe  
  66  5:40  Probe  
  66  5:41  Assimilator  
  68  5:44  Assimilator  
  68  5:46  Pylon  
  68  5:48  Pylon  
  68  5:49  Probe  
  69  5:50  Gateway  
  69  5:51  Probe  
  69  5:52  Probe  
  71  5:59  Warp Prism  
  71  6:00  Sentry  
  71  6:01  Sentry, Probe  
  71  6:02  Probe  
  71  6:04  Probe  
  80  6:12  Probe  
  80  6:14  Probe  
  80  6:15  Sentry  
  80  6:16  Sentry, Probe  
  85  6:23  Probe  
  86  6:26  Gateway, Probe  
  86  6:28  Gateway, Probe  
  86  6:31  Gateway  
  88  6:33  Pylon, Probe  
  88  6:37  Gateway  
  88  6:39  Protoss Ground Weapons Level 2 (Chrono Boost)  
  89  6:40  Pylon  
  89  6:41  Zealot  
  89  6:42  Observer  
  89  6:46  Adept  
  94  6:47  Adept  
  94  6:49  Stalker  
  98  6:56  Robotics Bay  
  98  6:58  Zealot  
  100  7:02  Stalker  
  100  7:07  Stalker x2  
  106  7:25  Nexus  
  106  7:27  Pylon  
  106  7:30  Pylon  
  106  7:31  Stalker x3  
  106  7:32  Stalker x2  
  116  7:37  Stalker x2  
  116  7:42  Stargate  
  116  7:43  Stargate  
  114  8:01  Stalker x3  
  114  8:02  Stalker x5  
  129  8:22  Pylon  
  129  8:23  Pylon  
  129  8:25  Pylon  
  129  8:40  Phoenix x2 (Chrono Boost)  
  133  8:44  Stalker x2  
  133  8:45  Stalker x4  
  133  8:47  Stalker x2  
  133  8:48  Stalker  
  149  8:53  Pylon  
  149  8:55  Pylon  
  147  9:02  Phoenix (Chrono Boost)  
  149  9:05  Templar Archives  
  149  9:12  Phoenix (Chrono Boost)  
  151  9:24  Phoenix (Chrono Boost)  
  152  9:33  Phoenix (Chrono Boost)  
  152  9:42  Probe  
  152  9:45  Phoenix (Chrono Boost)  
  152  9:47  Probe  
  151  9:54  Probe  
  150  10:02  Stalker x7  
  150  10:06  Pylon  
  164  10:07  Pylon  
  164  10:10  Templar Archives  
  164  10:11  Nexus  
  164  10:12  Stargate  
  164  10:13  Pylon, Photon Cannon  
  164  10:15  Pylon  
  164  10:16  Photon Cannon  
  164  10:18  Photon Cannon  
  164  10:31  Observer  
  165  10:40  Stalker x7  
  179  10:56  Warp Prism  
  165  11:28  High Templar  
  165  11:29  High Templar x3  
  165  11:30  High Templar x2  
  175  11:33  Archon x2  
  175  11:34  Archon  
  143  11:59  High Templar x3  
  149  12:01  High Templar  
  149  12:02  Zealot x5  
  149  12:04  Archon  
  149  12:05  Archon  
  149  12:17  Photon Cannon  
  149  12:19  Photon Cannon  
  149  12:20  Photon Cannon  
  149  12:21  Photon Cannon  
  145  12:25  Photon Cannon  
  145  12:28  Photon Cannon  
  131  12:31  Stalker  
  131  12:32  Stalker x7  
  119  12:42  Phoenix (Chrono Boost)  
  119  12:43  Phoenix (Chrono Boost)  
  107  12:47  Stalker  
  99  12:53  Assimilator  
  99  12:55  Assimilator  
  97  13:04  Phoenix x2 (Chrono Boost)  
  97  13:11  Pylon  
  97  13:14  Stalker x5  
  97  13:18  Stalker, Photon Cannon  
  109  13:20  Photon Cannon  
  109  13:26  Phoenix (Chrono Boost)  
  105  13:42  Phoenix (Chrono Boost)  
  105  13:43  Phoenix (Chrono Boost)  
  105  13:48  Phoenix (Chrono Boost)  
  102  14:00  High Templar x2  
  102  14:01  Adept x3  
  112  14:04  Archon  
  112  14:07  Phoenix (Chrono Boost)  
  114  14:15  Phoenix (Chrono Boost)  
  112  14:18  Phoenix (Chrono Boost)  
  112  14:21  Immortal (Chrono Boost)  
  112  14:23  Pylon  
  118  14:46  Nexus  
  118  14:48  Pylon  
  118  14:51  Zealot x7  
Show
View Real Time Build Order
Export as new Build Order

LiquidTLO Zerg - Winner!

Build Orders: Hatch First, Muta Ling Bane 

Get SALT Encoding   

  12  0:01  Drone  
  13  0:13  Overlord  
  13  0:17  Drone  
  14  0:32  Drone x2  
  16  0:49  Hatchery  
  15  0:52  Drone  
  15  0:55  Drone  
  17  1:10  Spawning Pool  
  16  1:12  Drone  
  16  1:16  Extractor  
  16  1:18  Drone  
  17  1:22  Drone  
  18  1:28  Drone  
  19  1:40  Overlord  
  19  1:57  Queen, Drone  
  19  2:01  Queen, Drone  
  23  2:02  Drone  
  26  2:11  Drone  
  26  2:12  Drone  
  28  2:18  Metabolic Boost  
  28  2:24  Drone x2  
  30  2:38  Hatchery  
  29  2:44  Drone x2  
  29  2:47  Zergling x2  
  29  2:49  Overlord  
  32  2:55  Queen  
  34  2:59  Zergling x2  
  34  3:01  Overlord  
  35  3:07  Drone  
  35  3:08  Drone  
  35  3:10  Drone  
  38  3:13  Drone  
  38  3:16  Drone  
  40  3:22  Drone  
  40  3:23  Queen  
  43  3:27  Overlord  
  43  3:31  Drone  
  44  3:39  Baneling Nest, Zergling x2, Spore Crawler  
  44  3:41  Drone  
  44  3:43  Drone  
  44  3:46  Zergling x2  
  46  3:48  Drone  
  46  3:49  Drone  
  46  3:50  Drone  
  46  3:53  Zergling x4  
  46  3:54  Overlord  
  51  3:57  Drone  
  52  4:03  Zergling x2  
  52  4:04  Zergling x2  
  52  4:06  Drone  
  52  4:09  Zergling x2  
  57  4:10  Zergling x4  
  57  4:13  Zergling x4  
  57  4:16  Drone  
  61  4:18  Spine Crawler  
  61  4:22  Zergling x2  
  61  4:23  Zergling x2  
  61  4:24  Drone x2  
  63  4:25  Drone  
  63  4:27  Baneling x4  
  63  4:29  Zergling x2  
  66  4:34  Drone  
  66  4:36  Zergling x2  
  68  4:39  Drone x3  
  68  4:40  Drone  
  68  4:41  Extractor  
  68  4:43  Overlord  
  71  4:49  Overlord  
  71  4:50  Drone  
  71  4:51  Lair  
  72  4:53  Drone  
  72  4:54  Drone  
  72  4:59  Overlord  
  73  5:00  Drone  
  73  5:02  Drone  
  73  5:06  Drone  
  74  5:09  Drone x2  
  74  5:11  Drone x2  
  76  5:19  Drone  
  73  5:21  Drone  
  73  5:22  Drone x2  
  73  5:23  Drone x2  
  73  5:26  Extractor  
  73  5:28  Extractor  
  75  5:29  Extractor  
  75  5:30  Drone  
  75  5:32  Extractor, Drone  
  75  5:33  Drone  
  76  5:36  Drone x2  
  76  5:40  Hatchery  
  76  5:41  Roach Warren, Drone  
  76  5:42  Drone  
  78  5:45  Zergling x2  
  78  5:46  Zergling x2  
  80  5:51  Spire  
  80  5:52  Zergling x2  
  80  5:54  Zergling x4  
  80  5:56  Drone  
  82  5:58  Zergling x4  
  82  6:05  Drone  
  82  6:06  Evolution Chamber  
  82  6:10  Zergling x2  
  81  6:11  Zergling x4  
  81  6:12  Zergling x2  
  82  6:20  Drone x2  
  86  6:25  Zergling x2, Drone  
  86  6:26  Drone  
  86  6:28  Drone x2  
  86  6:32  Zerg Melee Weapons Level 1  
  89  6:35  Overlord  
  89  6:36  Extractor x2  
  87  6:43  Drone  
  88  6:49  Overlord  
  88  6:50  Overlord  
  88  6:55  Drone  
  89  7:03  Zerg Flyer Weapons Level 1, Mutalisk  
  89  7:04  Mutalisk x10  
  89  7:07  Drone  
  89  7:08  Overlord, Drone x3  
  115  7:09  Zergling x2  
  115  7:12  Centrifical Hooks  
  115  7:14  Zergling x2  
  115  7:15  Zergling x2  
  118  7:16  Zergling x2  
  118  7:17  Zergling x2  
  118  7:21  Zergling x2  
  121  7:25  Queen  
  121  7:28  Zergling x6  
  121  7:29  Baneling x2  
  126  7:33  Zergling x4  
  127  7:38  Zergling x2  
  127  7:40  Zergling x2  
  127  7:42  Zergling x12  
  127  7:43  Baneling  
  127  7:44  Baneling x3  
  135  7:48  Overlord  
  135  7:50  Overlord  
  133  7:52  Zergling x4  
  133  7:53  Overlord  
  133  7:54  Zergling x2  
  136  8:04  Overlord x3  
  135  8:08  Zergling x2  
  136  8:13  Infestation Pit  
  136  8:14  Mutalisk  
  136  8:15  Mutalisk x3  
  136  8:16  Mutalisk x3  
  136  8:18  Zergling x2  
  148  8:20  Overlord  
  148  8:24  Mutalisk  
  148  8:26  Evolution Chamber  
  147  8:27  Mutalisk  
  147  8:31  Mutalisk x2  
  151  8:35  Mutalisk  
  151  8:36  Roach  
  151  8:37  Mutalisk  
  155  8:42  Mutalisk x2  
  155  8:44  Mutalisk  
  161  8:48  Mutalisk  
  161  8:51  Mutalisk  
  161  8:53  Mutalisk  
  167  8:56  Zergling x2  
  167  8:57  Zergling x4  
  167  9:01  Zerg Flyer Armor Level 1  
  170  9:06  Zergling x14  
  172  9:11  Zergling x8  
  172  9:15  Zergling x2  
  177  9:17  Baneling  
  177  9:19  Zerg Ground Armor Level 1  
  177  9:20  Zergling x8  
  177  9:24  Zergling x2  
  182  9:25  Zergling x4  
  182  9:30  Zergling x2  
  184  9:38  Zergling x2  
  184  9:43  Infestor  
  184  9:44  Infestor x3  
  180  9:49  Zergling x2  
  180  9:50  Zergling x6  
  180  9:51  Zergling x8  
  186  9:56  Mutalisk  
  186  9:58  Zergling x2  
  181  10:01  Zergling x4, Zerg Melee Weapons Level 2  
  181  10:03  Zergling x6  
  181  10:04  Zergling x6  
  181  10:05  Zergling x4  
  191  10:07  Baneling  
  191  10:08  Baneling x2  
  191  10:10  Pathogen Glands  
  191  10:20  Hive  
  191  10:24  Overlord  
  191  10:25  Baneling x9  
  191  10:28  Overlord  
  190  10:38  Zergling x2  
  191  10:43  Zergling x2  
  191  10:44  Zergling x4  
  191  10:46  Zergling x4  
  191  10:47  Zergling x2  
  191  10:48  Zergling x4  
  199  10:58  Baneling  
  194  11:05  Zergling x2  
  194  11:07  Zergling x18  
  194  11:08  Zergling x2  
  194  11:09  Zergling x4  
  194  11:10  Zergling x4  
  194  11:11  Zergling x4  
  195  11:12  Zergling x2  
  195  11:13  Zergling x4  
  195  11:14  Zergling x4  
  195  11:17  Zergling x4  
  196  11:20  Zergling x6  
  196  11:21  Mutalisk  
  190  11:26  Zergling x2  
  190  11:27  Zergling x2  
  188  11:36  Mutalisk x2  
  188  11:37  Mutalisk x2  
  195  11:41  Adrenal Glands  
  195  11:42  Zerg Ground Armor Level 2  
  195  11:43  Ultralisk Cavern  
  195  11:44  Zergling x2  
  195  11:45  Zergling x2  
  195  11:46  Zergling x2  
  179  11:48  Zergling x2  
  179  11:50  Zergling x4  
  179  11:52  Zergling x2  
  179  11:53  Zergling x2  
  166  12:03  Roach  
  166  12:04  Roach x4  
  166  12:06  Ravager  
  171  12:17  Zergling x6  
  171  12:18  Zergling x2  
  171  12:19  Zergling x4  
  146  12:30  Ultralisk  
  146  12:31  Zergling x4, Ultralisk  
  146  12:33  Zergling x4  
  146  12:34  Zergling x2  
  146  12:35  Zergling x2  
  147  12:37  Ravager  
  147  12:39  Chitinous Plating  
  140  12:46  Viper  
  140  12:47  Viper x2  
  149  13:03  Ultralisk  
  149  13:04  Ultralisk  
  161  13:09  Ultralisk  
  167  13:15  Infestor x2  
  167  13:16  Infestor  
  167  13:18  Zergling x2  
  174  13:25  Ultralisk  
  174  13:26  Zergling x2  
  179  13:41  Ultralisk  
  185  13:47  Ultralisk  
  191  13:51  Ultralisk  
  195  14:14  Zergling x2  
  195  14:15  Hatchery  
  195  14:19  Zergling x4  
  193  14:38  Zergling x2  
  198  14:48  Zergling x2  
Tags
 
Add a new tag
Caveats
  • Supply blocks, unpowered buildings, or Contaminate may cause inaccurate times.
  • Supply counts are checked every 10 seconds.